Workbook

Sheet PRESUPUESTO OFICIAL
A6: PRESUPUESTO OFICIAL
A8: OBJETO DEL PROCESO: "SUSCRIPCIÓN DE LICENCIAMIENTOS ANUALES PARA HERRAMIENTAS REQUERIDAS EN LA OFICINA ASESORA DE COMUNICACIONES"
A10: SUSCRIPCIÓN DE LICENCIAMIENTOS ANUALES PARA LA OFICINA ASESORA DE COMUNICACIONES
A11: Suscripción de licenciamientos anuales para herramientas requeridas en la Oficina Asesora de Comunicaciones del ICA.
A12: ÍTEM | B12: ELEMENTO Y/O SERVICIO | C12: DESCRIPCIÓN TÉCNICA - REFERENCIA | D12: UNIDAD DE MEDIDA | E12: CANTIDAD | F12: VALOR UNITARIO COTIZADO | G12: VALOR IVA | H12: VALOR UNITARIO COTIZADO IVA INCLUIDO
A13: 1 | B13: ARTLIST PRO | C13: Música, efectos sonoros, plantillas de vídeo, 80 vídeos/40 imágenes de IA al mes. | D13: Anual | E13: 1 | F13: ='ESTUDIO DE MERCADO'!AB12 -> 2340719 | G13: 0 | H13: =E13*F13 -> 2340719
A14: 2 | B14: MAILCHIMP STANDARD SUSCRIPCIÓN | C14: Hasta 20.000 Contactos, 240.000 envíos al mes, segmentación y automatización avanzada. | D14: Anual | E14: 1 | F14: ='ESTUDIO DE MERCADO'!AB13 -> 18392283 | G14: 0 | H14: =E14*F14 -> 18392283
A15: 3 | B15: ADOBE CREATIVE CLOUD All Apps for teams | C15: All Apps for teams (Photoshop, Illustrator, Premiere, Acrobat Pro, InDesign), 100GB nube. | D15: Anual | E15: 6 | F15: ='ESTUDIO DE MERCADO'!AB14 -> 5231250 | G15: 0 | H15: =E15*F15 -> 31387500
A16: 4 | B16: FREEPIK Premium | C16: 216.000 créditos para IA/año, descargas ilimitadas de contenido stock Premium. | D16: Anual | E16: 1 | F16: ='ESTUDIO DE MERCADO'!AB15 -> 815625 | G16: 0 | H16: =E16*F16 -> 815625
A17: 5 | B17: X PLUS | C17: Verificación de cuenta, edición de textos/videos largos, acceso a Grok (IA de X) | D17: Anual | E17: 1 | F17: ='ESTUDIO DE MERCADO'!AB16 -> 530402 | G17: 0 | H17: =E17*F17 -> 530402
A18: 6 | B18: BEFUNKY Plus | C18: Editor de imágenes con IA, embellecimiento de retratos y creación de proyectos de diseño. | D18: Anual | E18: 1 | F18: ='ESTUDIO DE MERCADO'!AB17 -> 416083 | G18: 0 | H18: =E18*F18 -> 416083
A19: 7 | B19: CAPCUT – PLAN PRO | C19: Acceso a efectos y música premium, almacenamiento de 100GB. | D19: Anual | E19: 13 | F19: ='ESTUDIO DE MERCADO'!AB18 -> 875000 | G19: 0 | H19: =E19*F19 -> 11375000
A20: 8 | B20: FLICKR PRO | C20: Almacenamiento ilimitado, estadísticas avanzadas, sin anuncios y respaldo automático. | D20: Anual | E20: 1 | F20: ='ESTUDIO DE MERCADO'!AB19 -> 409813 | G20: 0 | H20: =E20*F20 -> 409813
A21: 9 | B21: DROPBOX ADVANCED | C21: Mínimo 15 TB para el equipo, cifrado de extremo a extremo, recuperación de archivos (1 año). | D21: Anual | E21: 1 | F21: ='ESTUDIO DE MERCADO'!AB20 -> 3600000 | G21: 0 | H21: =E21*F21 -> 3600000
A22: VALOR TOTAL MANTENIMIENTO (Sumatoria valores unitarios) | H22: =SUM(H13:H21) -> 69267425
A25: NOTA 1: Se aclara que la cotización se deberá presentar por valor unitario, atendiendo a que el presente proceso es de monto agotable.
A26: Nota 2. La propuesta deberá indicar expresamente en la casilla correspondiente si el bien objeto de cotización se encuentra gravado con el Impuesto sobre las Ventas – IVA, o si se encuentra exento o excluido del mismo, conforme a la normatividad tributaria vigente. En caso de que el oferente no discrimine el IVA, el Instituto Colombiano Agropecuario – ICA entenderá que dicho impuesto se encuentra incluido en el valor total de la propuesta, condición que se tendrá por aceptada por el proponente.
A27: Nota 3. La cotización debe tener vigencia mínima de 120 días.
A28: Nota 4. La cotización debe cumplir con las condiciones contenidas en el anexo de especificaciones técnicas.
A29: Nota 5. Los precios unitarios y totales cotizados deben presentarse en moneda legal colombiana (pesos), sin centavos.
A30: Nota 6. El valor cotizado deberá incluir la totalidad de los costos directos e indirectos que se generen con ocasión del suministro de los bienes objeto de la presente cotización, así como todos los gastos inherentes a su ejecución, sin que en ningún caso haya lugar al reconocimiento de costos adicionales. Serán a cargo del eventual adjudicatario todos los derechos, impuestos, tasas y demás conceptos que se causen con ocasión del contrato. En caso de que el cotizante no discrimine o no manifieste expresamente que dichos costos se encuentran incluidos en el valor cotizado, se entenderá que los mismos se encuentran incorporados en dicho valor.
A31: Nota 7. Serán de exclusiva responsabilidad del proponente, los errores u omisiones en que incurra al indicar los costos y valores totales en su propuesta debiendo asumir los mayores costos o pérdidas que se deriven de dichos errores u omisiones.
A34: FIRMA REPRESENTANTE LEGAL
A38: C.C.

Sheet ESTUDIO DE MERCADO
A6: ESTUDIO DE MERCADO
A8: OBJETO DEL PROCESO: "SUSCRIPCIÓN DE LICENCIAMIENTOS ANUALES PARA HERRAMIENTAS REQUERIDAS EN LA OFICINA ASESORA DE COMUNICACIONES" | W8: 8000000 | X8: =W8*40% -> 3200000
A9: SUSCRIPCIÓN DE LICENCIAMIENTOS ANUALES PARA LA OFICINA ASESORA DE COMUNICACIONE
A10: Suscripción de licenciamientos anuales para herramientas requeridas en la Oficina Asesora de Comunicaciones del ICA, por un plazo de ejecución de 12 meses. | F10: CREAR IMAGEN S.A.S | I10: ROYAL TECH GROUP SAS.S | L10: OFISISTEMAS SAS
A11: ÍTEM | B11: ELEMENTO Y/O SERVICIO | C11: DESCRIPCIÓN TÉCNICA - REFERENCIA | D11: UNIDAD DE MEDIDA | E11: CANTIDAD | F11: VALOR UNITARIO COTIZADO | G11: VALOR IVA | H11: VALOR UNITARIO COTIZADO IVA INCLUIDO | I11: VALOR UNITARIO COTIZADO | J11: VALOR IVA | K11: VALOR UNITARIO COTIZADO IVA INCLUIDO | L11: VALOR UNITARIO COTIZADO | M11: VALOR IVA | N11: VALOR UNITARIO COTIZADO IVA INCLUIDO | P11: PROMEDIO | Q11: DESVIACION ESTANDAR | R11: COEFICIENTE DE VARIACIÓN | S11: PERCENTIL 99% | T11: PROMEDIO AJUSTADO | U11: DESVIACIÓN ESTANDAR AJUSTADA | V11: COEFICIENTE DE VARIACIÓN AJUSTADA | W11: MENOR VALOR | X11: MAYOR VALOR | Y11: VALOR DE REFERENCIA | Z11: CRITERIO | AB11: VALOR UNITARIO PARA EL PRESUPUESTO
A12: 1 | B12: ARTLIST PRO | C12: Música, efectos sonoros, plantillas de vídeo, 80 vídeos/40 imágenes de IA al mes. | D12: Anual | E12: 1 | F12: ='CREAR IMAGEN S.A.S'!F20 -> 3800000 | G12: =ROUND(F12*19%,0) -> 722000 | H12: =G12+F12 -> 4522000 | I12: ='ROYAL TECH GROUP SAS'!F20 -> 2249437.5 | J12: =ROUND(I12*19%,0) -> 427393 | K12: =I12+J12 -> 2676830.5 | L12: ='OFISISTEMAS SAS'!F20 -> 2432000 | M12: =ROUND(L12*19%,0) -> 462080 | N12: =M12+L12 -> 2894080 | P12: =ROUND(AVERAGE(F12,I12,L12),0) -> 2827146 | Q12: =ROUND(STDEVA(F12,I12,L12),0) -> 847447 | R12: =Q12/P12 -> 0.29975353 | S12: =PERCENTILES!J12 -> 3772640 | T12: =ROUND(AVERAGE(I12,L12),0) -> 2340719 | U12: =ROUND(STDEVA(I12,L12),0) -> 129091 | V12: =U12/T12 -> 0.055150148 | W12: =MIN(F12,I12,L12) -> 2249437.5 | X12: =MAX(F12,I12,L12) -> 3800000 | Y12: =IF(R12<=20%,W12,P12) -> 2827146 | Z12: =IF(Y12=W12,"MENOR VALOR","PROMEDIO AJUSTADO") -> PROMEDIO AJUSTADO | AB12: =T12 -> 2340719
A13: 2 | B13: MAILCHIMP STANDARD SUSCRIPCIÓN | C13: Hasta 20.000 Contactos, 240.000 envíos al mes, segmentación y automatización avanzada. | D13: Anual | E13: 1 | F13: ='CREAR IMAGEN S.A.S'!F21 -> 22800000 | G13: =ROUND(F13*19%,0) -> 4332000 | H13: =G13+F13 -> 27132000 | I13: ='ROYAL TECH GROUP SAS'!F21 -> 16031250 | J13: =ROUND(I13*19%,0) -> 3045938 | K13: =I13+J13 -> 19077188 | L13: ='OFISISTEMAS SAS'!F21 -> 16345600 | M13: =ROUND(L13*19%,0) -> 3105664 | N13: =M13+L13 -> 19451264 | P13: =ROUND(AVERAGE(F13,I13,L13),0) -> 18392283 | Q13: =ROUND(STDEVA(F13,I13,L13),0) -> 3820429 | R13: =Q13/P13 -> 0.20771913 | S13: N/A | T13: N/A | U13: N/A | V13: N/A | W13: =MIN(F13,I13,L13) -> 16031250 | X13: =MAX(F13,I13,L13) -> 22800000 | Y13: =IF(R13<=20%,W13,P13) -> 18392283 | Z13: =IF(Y13=W13,"MENOR VALOR","PROMEDIO") -> PROMEDIO | AB13: =P13 -> 18392283
A14: 3 | B14: ADOBE CREATIVE CLOUD All Apps for teams | C14: All Apps for teams (Photoshop, Illustrator, Premiere, Acrobat Pro, InDesign), 100GB nube. | D14: Anual | E14: 6 | F14: ='CREAR IMAGEN S.A.S'!F22 -> 6450000 | G14: =ROUND(F14*19%,0) -> 1225500 | H14: =G14+F14 -> 7675500 | I14: ='ROYAL TECH GROUP SAS'!F22 -> 5231250 | J14: =ROUND(I14*19%,0) -> 993938 | K14: =I14+J14 -> 6225188 | L14: ='OFISISTEMAS SAS'!F22 -> 5432000 | M14: =ROUND(L14*19%,0) -> 1032080 | N14: =M14+L14 -> 6464080 | P14: =ROUND(AVERAGE(F14,I14,L14),0) -> 5704417 | Q14: =ROUND(STDEVA(F14,I14,L14),0) -> 653449 | R14: =Q14/P14 -> 0.11455141 | S14: N/A | T14: N/A | U14: N/A | V14: N/A | W14: =MIN(F14,I14,L14) -> 5231250 | X14: =MAX(F14,I14,L14) -> 6450000 | Y14: =IF(R14<=20%,W14,P14) -> 5231250 | Z14: =IF(Y14=W14,"MENOR VALOR","PROMEDIO") -> MENOR VALOR | AB14: =W14 -> 5231250
A15: 4 | B15: FREEPIK Premium | C15: 216.000 créditos para IA/año, descargas ilimitadas de contenido stock Premium. | D15: Anual | E15: 1 | F15: ='CREAR IMAGEN S.A.S'!F23 -> 960000 | G15: =ROUND(F15*19%,0) -> 182400 | H15: =G15+F15 -> 1142400 | I15: ='ROYAL TECH GROUP SAS'!F23 -> 815625 | J15: =ROUND(I15*19%,0) -> 154969 | K15: =I15+J15 -> 970594 | L15: ='OFISISTEMAS SAS'!F23 -> 854700 | M15: =ROUND(L15*19%,0) -> 162393 | N15: =M15+L15 -> 1017093 | P15: =ROUND(AVERAGE(F15,I15,L15),0) -> 876775 | Q15: =ROUND(STDEVA(F15,I15,L15),0) -> 74676 | R15: =Q15/P15 -> 0.085171224 | S15: N/A | T15: N/A | U15: N/A | V15: N/A | W15: =MIN(F15,I15,L15) -> 815625 | X15: =MAX(F15,I15,L15) -> 960000 | Y15: =IF(R15<=20%,W15,P15) -> 815625 | Z15: =IF(Y15=W15,"MENOR VALOR","PROMEDIO") -> MENOR VALOR | AB15: =W15 -> 815625
A16: 5 | B16: X PLUS | C16: Verificación de cuenta, edición de textos/videos largos, acceso a Grok (IA de X) | D16: Anual | E16: 1 | F16: ='CREAR IMAGEN S.A.S'!F24 -> 1250000 | G16: =ROUND(F16*19%,0) -> 237500 | H16: =G16+F16 -> 1487500 | I16: ='ROYAL TECH GROUP SAS'!F24 -> 506125 | J16: =ROUND(I16*19%,0) -> 96164 | K16: =I16+J16 -> 602289 | L16: ='OFISISTEMAS SAS'!F24 -> 554679 | M16: =ROUND(L16*19%,0) -> 105389 | N16: =M16+L16 -> 660068 | P16: =ROUND(AVERAGE(F16,I16,L16),0) -> 770268 | Q16: =ROUND(STDEVA(F16,I16,L16),0) -> 416169 | R16: =Q16/P16 -> 0.54029117 | S16: =PERCENTILES!J13 -> 1236094 | T16: =ROUND(AVERAGE(I16,L16),0) -> 530402 | U16: =ROUND(STDEVA(I16,L16),0) -> 34333 | V16: =U16/T16 -> 0.064730148 | W16: =MIN(F16,I16,L16) -> 506125 | X16: =MAX(F16,I16,L16) -> 1250000 | Y16: =IF(R16<=20%,W16,P16) -> 770268 | Z16: =IF(Y16=W16,"MENOR VALOR","PROMEDIO AJUSTADO") -> PROMEDIO AJUSTADO | AB16: =T16 -> 530402
A17: 6 | B17: BEFUNKY Plus | C17: Editor de imágenes con IA, embellecimiento de retratos y creación de proyectos de diseño. | D17: Anual | E17: 1 | F17: ='CREAR IMAGEN S.A.S'!F25 -> 1970000 | G17: =ROUND(F17*19%,0) -> 374300 | H17: =G17+F17 -> 2344300 | I17: ='ROYAL TECH GROUP SAS'!F25 -> 393187.5 | J17: =ROUND(I17*19%,0) -> 74706 | K17: =I17+J17 -> 467893.5 | L17: ='OFISISTEMAS SAS'!F25 -> 438978 | M17: =ROUND(L17*19%,0) -> 83406 | N17: =M17+L17 -> 522384 | P17: =ROUND(AVERAGE(F17,I17,L17),0) -> 934055 | Q17: =ROUND(STDEVA(F17,I17,L17),0) -> 897447 | R17: =Q17/P17 -> 0.96080745 | S17: =PERCENTILES!J14 -> 1939380 | T17: =ROUND(AVERAGE(I17,L17),0) -> 416083 | U17: =ROUND(STDEVA(I17,L17),0) -> 32379 | V17: =U17/T17 -> 0.077818608 | W17: =MIN(F17,I17,L17) -> 393187.5 | X17: =MAX(F17,I17,L17) -> 1970000 | Y17: =IF(R17<=20%,W17,P17) -> 934055 | Z17: =IF(Y17=W17,"MENOR VALOR","PROMEDIO AJUSTADO") -> PROMEDIO AJUSTADO | AB17: =T17 -> 416083
A18: 7 | B18: CAPCUT – PLAN PRO | C18: Acceso a efectos y música premium, almacenamiento de 100GB. | D18: Anual | E18: 15 | F18: ='CREAR IMAGEN S.A.S'!F26 -> 985000 | G18: =ROUND(F18*19%,0) -> 187150 | H18: =G18+F18 -> 1172150 | I18: ='ROYAL TECH GROUP SAS'!F26 -> 875000 | J18: =ROUND(I18*19%,0) -> 166250 | K18: =I18+J18 -> 1041250 | L18: ='OFISISTEMAS SAS'!F26 -> 987670 | M18: =ROUND(L18*19%,0) -> 187657 | N18: =M18+L18 -> 1175327 | P18: =ROUND(AVERAGE(F18,I18,L18),0) -> 949223 | Q18: =ROUND(STDEVA(F18,I18,L18),0) -> 64293 | R18: =Q18/P18 -> 0.06773224 | S18: N/A | T18: N/A | U18: N/A | V18: N/A | W18: =MIN(F18,I18,L18) -> 875000 | X18: =MAX(F18,I18,L18) -> 987670 | Y18: =IF(R18<=20%,W18,P18) -> 875000 | Z18: =IF(Y18=W18,"MENOR VALOR","PROMEDIO") -> MENOR VALOR | AB18: =W18 -> 875000
A19: 8 | B19: FLICKR PRO | C19: Almacenamiento ilimitado, estadísticas avanzadas, sin anuncios y respaldo automático. | D19: Anual | E19: 1 | F19: ='CREAR IMAGEN S.A.S'!F27 -> 850000 | G19: =ROUND(F19*19%,0) -> 161500 | H19: =G19+F19 -> 1011500 | I19: ='ROYAL TECH GROUP SAS'!F27 -> 384187.5 | J19: =ROUND(I19*19%,0) -> 72996 | K19: =I19+J19 -> 457183.5 | L19: ='OFISISTEMAS SAS'!F27 -> 435439 | M19: =ROUND(L19*19%,0) -> 82733 | N19: =M19+L19 -> 518172 | P19: =ROUND(AVERAGE(F19,I19,L19),0) -> 556542 | Q19: =ROUND(STDEVA(F19,I19,L19),0) -> 255431 | R19: =Q19/P19 -> 0.45896087 | S19: =PERCENTILES!J15 -> 841709 | T19: =ROUND(AVERAGE(I19,L19),0) -> 409813 | U19: =ROUND(STDEVA(I19,L19),0) -> 36240 | V19: =U19/T19 -> 0.088430577 | W19: =MIN(F19,I19,L19) -> 384187.5 | X19: =MAX(F19,I19,L19) -> 850000 | Y19: =IF(R19<=20%,W19,P19) -> 556542 | Z19: =IF(Y19=W19,"MENOR VALOR","PROMEDIO AJUSTADO") -> PROMEDIO AJUSTADO | AB19: =T19 -> 409813
A20: 9 | B20: DROPBOX ADVANCED | C20: Mínimo 15 TB para el equipo, cifrado de extremo a extremo, recuperación de archivos (1 año). | D20: Anual | E20: 1 | F20: ='CREAR IMAGEN S.A.S'!F28 -> 3600000 | G20: =ROUND(F20*19%,0) -> 684000 | H20: =G20+F20 -> 4284000 | I20: ='ROYAL TECH GROUP SAS'!F28 -> 4050000 | J20: =ROUND(I20*19%,0) -> 769500 | K20: =I20+J20 -> 4819500 | L20: ='OFISISTEMAS SAS'!F28 -> 4543400 | M20: =ROUND(L20*19%,0) -> 863246 | N20: =M20+L20 -> 5406646 | P20: =ROUND(AVERAGE(F20,I20,L20),0) -> 4064467 | Q20: =ROUND(STDEVA(F20,I20,L20),0) -> 471866 | R20: =Q20/P20 -> 0.11609542 | S20: N/A | T20: N/A | U20: N/A | V20: N/A | W20: =MIN(F20,I20,L20) -> 3600000 | X20: =MAX(F20,I20,L20) -> 4543400 | Y20: =IF(R20<=20%,W20,P20) -> 3600000 | Z20: =IF(Y20=W20,"MENOR VALOR","PROMEDIO") -> MENOR VALOR | AB20: =W20 -> 3600000
A21: VALOR TOTAL Sumatoria valores unitarios MULTIPLICADO POR LAS CANTIDADES

Sheet PERCENTILES
A6: FORMATO DE COTIZACION
A8: OBJETO DEL PROCESO: "SUSCRIPCIÓN DE LICENCIAMIENTOS ANUALES PARA HERRAMIENTAS REQUERIDAS EN LA OFICINA ASESORA DE COMUNICACIONES"
A9: LOTE 1. SUSCRIPCIÓN DE LICENCIAMIENTOS ANUALES PARA LA OFICINA ASESORA DE COMUNICACIONES
A10: Suscripción de licenciamientos anuales para herramientas requeridas en la Oficina Asesora de Comunicaciones del ICA, por un plazo de ejecución de 12 meses. | F10: CREAR IMAGEN S.A.S | G10: ROYAL TECH GROUP SAS.S | H10: OFISISTEMAS SAS
A11: ÍTEM | B11: ELEMENTO Y/O SERVICIO | C11: DESCRIPCIÓN TÉCNICA - REFERENCIA | D11: UNIDAD DE MEDIDA | E11: CANTIDAD | F11: VALOR UNITARIO COTIZADO | G11: VALOR UNITARIO COTIZADO | H11: VALOR UNITARIO COTIZADO | J11: PERCENTILES
A12: 1 | B12: ARTLIST PRO | C12: Música, efectos sonoros, plantillas de vídeo, 80 vídeos/40 imágenes de IA al mes. | D12: Anual | E12: 1 | F12: ='ESTUDIO DE MERCADO'!F12 -> 3800000 | G12: ='ESTUDIO DE MERCADO'!I12 -> 2249437.5 | H12: ='ESTUDIO DE MERCADO'!L12 -> 2432000 | J12: =ROUND(_xlfn.PERCENTILE.INC(F12:H12,0.99),0) -> 3772640
A13: 5 | B13: X PLUS | C13: Verificación de cuenta, edición de textos/videos largos, acceso a Grok (IA de X) | D13: Anual | E13: 1 | F13: ='CREAR IMAGEN S.A.S'!F24 -> 1250000 | G13: ='ROYAL TECH GROUP SAS'!F24 -> 506125 | H13: ='OFISISTEMAS SAS'!F24 -> 554679 | J13: =ROUND(_xlfn.PERCENTILE.INC(F13:H13,0.99),0) -> 1236094
A14: 6 | B14: BEFUNKY Plus | C14: Editor de imágenes con IA, embellecimiento de retratos y creación de proyectos de diseño. | D14: Anual | E14: 1 | F14: ='CREAR IMAGEN S.A.S'!F25 -> 1970000 | G14: ='ROYAL TECH GROUP SAS'!F25 -> 393187.5 | H14: ='OFISISTEMAS SAS'!F25 -> 438978 | J14: =ROUND(_xlfn.PERCENTILE.INC(F14:H14,0.99),0) -> 1939380
A15: 8 | B15: FLICKR PRO | C15: Almacenamiento ilimitado, estadísticas avanzadas, sin anuncios y respaldo automático. | D15: Anual | E15: 1 | F15: ='CREAR IMAGEN S.A.S'!F27 -> 850000 | G15: ='ROYAL TECH GROUP SAS'!F27 -> 384187.5 | H15: ='OFISISTEMAS SAS'!F27 -> 435439 | J15: =ROUND(_xlfn.PERCENTILE.INC(F15:H15,0.99),0) -> 841709

Sheet ROYAL TECH GROUP SAS
A6: FORMATO DE COTIZACION
A8: OBJETO DEL PROCESO: "SUSCRIPCIÓN DE LICENCIAMIENTOS ANUALES PARA HERRAMIENTAS REQUERIDAS EN LA OFICINA ASESORA DE COMUNICACIONES"
A11: COTIZANTE : | C11: ROYAL TECH GROUP SAS
A12: NIT: | C12: 901394655-2
A13: REPRESENTANTE LEGAL: | C13: HECTOR DAVID MENDOZA ARROYO
A14: C.C. | C14: 1140834004
A15: FECHA DE COTIZACIÓN | C15: 46119
A17: LOTE 1. SUSCRIPCIÓN DE LICENCIAMIENTOS ANUALES PARA LA OFICINA ASESORA DE COMUNICACIONES
A18: Suscripción de licenciamientos anuales para herramientas requeridas en la Oficina Asesora de Comunicaciones del ICA, por un plazo de ejecución de 12 meses.
A19: ÍTEM | B19: ELEMENTO Y/O SERVICIO | C19: DESCRIPCIÓN TÉCNICA - REFERENCIA | D19: UNIDAD DE MEDIDA | E19: CANTIDAD | F19: VALOR UNITARIO COTIZADO | G19: VALOR IVA | H19: VALOR UNITARIO COTIZADO IVA INCLUIDO
A20: 1 | B20: ARTLIST PRO | C20: Música, efectos sonoros, plantillas de vídeo, 80 vídeos/40 imágenes de IA al mes. | D20: Anual | E20: 1 | F20: 2249437.5 | G20: 0 | H20: =E20*F20 -> 2249437.5
A21: 2 | B21: MAILCHIMP STANDARD SUSCRIPCIÓN | C21: Hasta 20.000 Contactos, 240.000 envíos al mes, segmentación y automatización avanzada. | D21: Anual | E21: 1 | F21: 16031250 | G21: 0 | H21: =E21*F21 -> 16031250
A22: 3 | B22: ADOBE CREATIVE CLOUD All Apps for teams | C22: All Apps for teams (Photoshop, Illustrator, Premiere, Acrobat Pro, InDesign), 100GB nube. | D22: Anual | E22: 6 | F22: 5231250 | G22: 0 | H22: =E22*F22 -> 31387500
A23: 4 | B23: FREEPIK Premium | C23: 216.000 créditos para IA/año, descargas ilimitadas de contenido stock Premium. | D23: Anual | E23: 1 | F23: 815625 | G23: 0 | H23: =E23*F23 -> 815625
A24: 5 | B24: X PLUS | C24: Verificación de cuenta, edición de textos/videos largos, acceso a Grok (IA de X) | D24: Anual | E24: 1 | F24: 506125 | G24: 0 | H24: =E24*F24 -> 506125
A25: 6 | B25: BEFUNKY Plus | C25: Editor de imágenes con IA, embellecimiento de retratos y creación de proyectos de diseño. | D25: Anual | E25: 1 | F25: 393187.5 | G25: 0 | H25: =E25*F25 -> 393187.5
A26: 7 | B26: CAPCUT – PLAN PRO | C26: Acceso a efectos y música premium, almacenamiento de 100GB. | D26: Anual | E26: 15 | F26: 875000 | G26: 0 | H26: =E26*F26 -> 13125000
A27: 8 | B27: FLICKR PRO | C27: Almacenamiento ilimitado, estadísticas avanzadas, sin anuncios y respaldo automático. | D27: Anual | E27: 1 | F27: 384187.5 | G27: 0 | H27: =E27*F27 -> 384187.5
A28: 9 | B28: DROPBOX ADVANCED | C28: Mínimo 15 TB para el equipo, cifrado de extremo a extremo, recuperación de archivos (1 año). | D28: Anual | E28: 1 | F28: 4050000 | G28: 0 | H28: =E28*F28 -> 4050000
A29: VALOR TOTAL MANTENIMIENTO (Sumatoria valores unitarios) | H29: =SUM(H20:H28) -> 68942312
A32: NOTA 1: Se aclara que la cotización se deberá presentar por valor unitario, atendiendo a que el presente proceso es de monto agotable.
A33: Nota 2. La propuesta deberá indicar expresamente en la casilla correspondiente si el bien objeto de cotización se encuentra gravado con el Impuesto sobre las Ventas – IVA, o si se encuentra exento o excluido del mismo, conforme a la normatividad tributaria vigente. En caso de que el oferente no discrimine el IVA, el Instituto Colombiano Agropecuario – ICA entenderá que dicho impuesto se encuentra incluido en el valor total de la propuesta, condición que se tendrá por aceptada por el proponente.
A34: Nota 3. La cotización debe tener vigencia mínima de 120 días.
A35: Nota 4. La cotización debe cumplir con las condiciones contenidas en el anexo de especificaciones técnicas.
A36: Nota 5. Los precios unitarios y totales cotizados deben presentarse en moneda legal colombiana (pesos), sin centavos.
A37: Nota 6. El valor cotizado deberá incluir la totalidad de los costos directos e indirectos que se generen con ocasión del suministro de los bienes objeto de la presente cotización, así como todos los gastos inherentes a su ejecución, sin que en ningún caso haya lugar al reconocimiento de costos adicionales. Serán a cargo del eventual adjudicatario todos los derechos, impuestos, tasas y demás conceptos que se causen con ocasión del contrato. En caso de que el cotizante no discrimine o no manifieste expresamente que dichos costos se encuentran incluidos en el valor cotizado, se entenderá que los mismos se encuentran incorporados en dicho valor.
A38: Nota 7. Serán de exclusiva responsabilidad del proponente, los errores u omisiones en que incurra al indicar los costos y valores totales en su propuesta debiendo asumir los mayores costos o pérdidas que se deriven de dichos errores u omisiones.
A41: FIRMA REPRESENTANTE LEGAL
A45: C.C.

Sheet CREAR IMAGEN S.A.S
A6: FORMATO DE COTIZACION
A8: OBJETO DEL PROCESO: "SUSCRIPCIÓN DE LICENCIAMIENTOS ANUALES PARA HERRAMIENTAS REQUERIDAS EN LA OFICINA ASESORA DE COMUNICACIONES"
A11: COTIZANTE : | C11: CREAR IMAGEN S.A.S
A12: NIT: | C12: 900457310-5
A13: REPRESENTANTE LEGAL: | C13: NEFTALI ARANGO ANGEL
A14: C.C. | C14: 80735933
A15: FECHA DE COTIZACIÓN | C15: 46119
A17: LOTE 1. SUSCRIPCIÓN DE LICENCIAMIENTOS ANUALES PARA LA OFICINA ASESORA DE COMUNICACIONES
A18: Suscripción de licenciamientos anuales para herramientas requeridas en la Oficina Asesora de Comunicaciones del ICA, por un plazo de ejecución de 12 meses.
A19: ÍTEM | B19: ELEMENTO Y/O SERVICIO | C19: DESCRIPCIÓN TÉCNICA - REFERENCIA | D19: UNIDAD DE MEDIDA | E19: CANTIDAD | F19: VALOR UNITARIO COTIZADO | G19: VALOR IVA | H19: VALOR UNITARIO COTIZADO IVA INCLUIDO
A20: 1 | B20: ARTLIST PRO | C20: Música, efectos sonoros, plantillas de vídeo, 80 vídeos/40 imágenes de IA al mes. | D20: Anual | E20: 1 | F20: 3800000 | G20: 0 | H20: =E20*F20 -> 3800000
A21: 2 | B21: MAILCHIMP STANDARD SUSCRIPCIÓN | C21: Hasta 20.000 Contactos, 240.000 envíos al mes, segmentación y automatización avanzada. | D21: Anual | E21: 1 | F21: 22800000 | G21: 0 | H21: =E21*F21 -> 22800000
A22: 3 | B22: ADOBE CREATIVE CLOUD All Apps for teams | C22: All Apps for teams (Photoshop, Illustrator, Premiere, Acrobat Pro, InDesign), 100GB nube. | D22: Anual | E22: 6 | F22: 6450000 | G22: 0 | H22: =E22*F22 -> 38700000
A23: 4 | B23: FREEPIK Premium | C23: 216.000 créditos para IA/año, descargas ilimitadas de contenido stock Premium. | D23: Anual | E23: 1 | F23: 960000 | G23: 0 | H23: =E23*F23 -> 960000
A24: 5 | B24: X PLUS | C24: Verificación de cuenta, edición de textos/videos largos, acceso a Grok (IA de X) | D24: Anual | E24: 1 | F24: 1250000 | G24: 0 | H24: =E24*F24 -> 1250000
A25: 6 | B25: BEFUNKY Plus | C25: Editor de imágenes con IA, embellecimiento de retratos y creación de proyectos de diseño. | D25: Anual | E25: 1 | F25: 1970000 | G25: 0 | H25: =E25*F25 -> 1970000
A26: 7 | B26: CAPCUT – PLAN PRO | C26: Acceso a efectos y música premium, almacenamiento de 100GB. | D26: Anual | E26: 15 | F26: 985000 | G26: 0 | H26: =E26*F26 -> 14775000
A27: 8 | B27: FLICKR PRO | C27: Almacenamiento ilimitado, estadísticas avanzadas, sin anuncios y respaldo automático. | D27: Anual | E27: 1 | F27: 850000 | G27: 0 | H27: =E27*F27 -> 850000
A28: 9 | B28: DROPBOX ADVANCED | C28: Mínimo 15 TB para el equipo, cifrado de extremo a extremo, recuperación de archivos (1 año). | D28: Anual | E28: 1 | F28: 3600000 | G28: 0 | H28: =E28*F28 -> 3600000
A29: VALOR TOTAL MANTENIMIENTO (Sumatoria valores unitarios) | H29: =SUM(H20:H28) -> 88705000
A32: NOTA 1: Se aclara que la cotización se deberá presentar por valor unitario, atendiendo a que el presente proceso es de monto agotable.
A33: Nota 2. La propuesta deberá indicar expresamente en la casilla correspondiente si el bien objeto de cotización se encuentra gravado con el Impuesto sobre las Ventas – IVA, o si se encuentra exento o excluido del mismo, conforme a la normatividad tributaria vigente. En caso de que el oferente no discrimine el IVA, el Instituto Colombiano Agropecuario – ICA entenderá que dicho impuesto se encuentra incluido en el valor total de la propuesta, condición que se tendrá por aceptada por el proponente.
A34: Nota 3. La cotización debe tener vigencia mínima de 120 días.
A35: Nota 4. La cotización debe cumplir con las condiciones contenidas en el anexo de especificaciones técnicas.
A36: Nota 5. Los precios unitarios y totales cotizados deben presentarse en moneda legal colombiana (pesos), sin centavos.
A37: Nota 6. El valor cotizado deberá incluir la totalidad de los costos directos e indirectos que se generen con ocasión del suministro de los bienes objeto de la presente cotización, así como todos los gastos inherentes a su ejecución, sin que en ningún caso haya lugar al reconocimiento de costos adicionales. Serán a cargo del eventual adjudicatario todos los derechos, impuestos, tasas y demás conceptos que se causen con ocasión del contrato. En caso de que el cotizante no discrimine o no manifieste expresamente que dichos costos se encuentran incluidos en el valor cotizado, se entenderá que los mismos se encuentran incorporados en dicho valor.
A38: Nota 7. Serán de exclusiva responsabilidad del proponente, los errores u omisiones en que incurra al indicar los costos y valores totales en su propuesta debiendo asumir los mayores costos o pérdidas que se deriven de dichos errores u omisiones.
A41: FIRMA REPRESENTANTE LEGAL
A45: C.C.

Sheet OFISISTEMAS SAS
A6: FORMATO DE COTIZACION
A8: OBJETO DEL PROCESO: "SUSCRIPCIÓN DE LICENCIAMIENTOS ANUALES PARA HERRAMIENTAS REQUERIDAS EN LA OFICINA ASESORA DE COMUNICACIONES"
A11: COTIZANTE : | C11: OFISISTEMAS SAS
A12: NIT: | C12: 18955382-2
A13: REPRESENTANTE LEGAL: | C13: FRANCISCO HERNANDEZ
A14: C.C.
A15: FECHA DE COTIZACIÓN | C15: 46132
A17: LOTE 1. SUSCRIPCIÓN DE LICENCIAMIENTOS ANUALES PARA LA OFICINA ASESORA DE COMUNICACIONES
A18: Suscripción de licenciamientos anuales para herramientas requeridas en la Oficina Asesora de Comunicaciones del ICA, por un plazo de ejecución de 12 meses.
A19: ÍTEM | B19: ELEMENTO Y/O SERVICIO | C19: DESCRIPCIÓN TÉCNICA - REFERENCIA | D19: UNIDAD DE MEDIDA | E19: CANTIDAD | F19: VALOR UNITARIO COTIZADO | G19: VALOR IVA | H19: VALOR UNITARIO COTIZADO IVA INCLUIDO
A20: 1 | B20: ARTLIST PRO | C20: Música, efectos sonoros, plantillas de vídeo, 80 vídeos/40 imágenes de IA al mes. | D20: Anual | E20: 1 | F20: 2432000 | G20: 0 | H20: =E20*F20 -> 2432000
A21: 2 | B21: MAILCHIMP STANDARD SUSCRIPCIÓN | C21: Hasta 20.000 Contactos, 240.000 envíos al mes, segmentación y automatización avanzada. | D21: Anual | E21: 1 | F21: 16345600 | G21: 0 | H21: =E21*F21 -> 16345600
A22: 3 | B22: ADOBE CREATIVE CLOUD All Apps for teams | C22: All Apps for teams (Photoshop, Illustrator, Premiere, Acrobat Pro, InDesign), 100GB nube. | D22: Anual | E22: 6 | F22: 5432000 | G22: 0 | H22: =E22*F22 -> 32592000
A23: 4 | B23: FREEPIK Premium | C23: 216.000 créditos para IA/año, descargas ilimitadas de contenido stock Premium. | D23: Anual | E23: 1 | F23: 854700 | G23: 0 | H23: =E23*F23 -> 854700
A24: 5 | B24: X PLUS | C24: Verificación de cuenta, edición de textos/videos largos, acceso a Grok (IA de X) | D24: Anual | E24: 1 | F24: 554679 | G24: 0 | H24: =E24*F24 -> 554679
A25: 6 | B25: BEFUNKY Plus | C25: Editor de imágenes con IA, embellecimiento de retratos y creación de proyectos de diseño. | D25: Anual | E25: 1 | F25: 438978 | G25: 0 | H25: =E25*F25 -> 438978
A26: 7 | B26: CAPCUT – PLAN PRO | C26: Acceso a efectos y música premium, almacenamiento de 100GB. | D26: Anual | E26: 15 | F26: 987670 | G26: 0 | H26: =E26*F26 -> 14815050
A27: 8 | B27: FLICKR PRO | C27: Almacenamiento ilimitado, estadísticas avanzadas, sin anuncios y respaldo automático. | D27: Anual | E27: 1 | F27: 435439 | G27: 0 | H27: =E27*F27 -> 435439
A28: 9 | B28: DROPBOX ADVANCED | C28: Mínimo 15 TB para el equipo, cifrado de extremo a extremo, recuperación de archivos (1 año). | D28: Anual | E28: 1 | F28: 4543400 | G28: 0 | H28: =E28*F28 -> 4543400
A29: VALOR TOTAL MANTENIMIENTO (Sumatoria valores unitarios) | H29: =SUM(H20:H28) -> 73011846
A32: NOTA 1: Se aclara que la cotización se deberá presentar por valor unitario, atendiendo a que el presente proceso es de monto agotable.
A33: Nota 2. La propuesta deberá indicar expresamente en la casilla correspondiente si el bien objeto de cotización se encuentra gravado con el Impuesto sobre las Ventas – IVA, o si se encuentra exento o excluido del mismo, conforme a la normatividad tributaria vigente. En caso de que el oferente no discrimine el IVA, el Instituto Colombiano Agropecuario – ICA entenderá que dicho impuesto se encuentra incluido en el valor total de la propuesta, condición que se tendrá por aceptada por el proponente.
A34: Nota 3. La cotización debe tener vigencia mínima de 120 días.
A35: Nota 4. La cotización debe cumplir con las condiciones contenidas en el anexo de especificaciones técnicas.
A36: Nota 5. Los precios unitarios y totales cotizados deben presentarse en moneda legal colombiana (pesos), sin centavos.
A37: Nota 6. El valor cotizado deberá incluir la totalidad de los costos directos e indirectos que se generen con ocasión del suministro de los bienes objeto de la presente cotización, así como todos los gastos inherentes a su ejecución, sin que en ningún caso haya lugar al reconocimiento de costos adicionales. Serán a cargo del eventual adjudicatario todos los derechos, impuestos, tasas y demás conceptos que se causen con ocasión del contrato. En caso de que el cotizante no discrimine o no manifieste expresamente que dichos costos se encuentran incluidos en el valor cotizado, se entenderá que los mismos se encuentran incorporados en dicho valor.
A38: Nota 7. Serán de exclusiva responsabilidad del proponente, los errores u omisiones en que incurra al indicar los costos y valores totales en su propuesta debiendo asumir los mayores costos o pérdidas que se deriven de dichos errores u omisiones.
A41: FIRMA REPRESENTANTE LEGAL
A45: C.C.
